Map: Triton LE

Players

Hassan - Winner!

  • Race: Zerg Zerg
  • League: Platinum
  • Spawn Location: 5:00

sandboX

  • Race: Zerg Zerg
  • League: Gold
  • Spawn Location: 11:00

VOD

Have the link to the VOD?

Description

Time

  • Played on: Aug. 21, 2019, 11:04 p.m.
  • Length: 15:51
Show
View Real Time Build Order
Export as new Build Order

Hassan Zerg - Winner!

Build Orders: 1 Base Baneling Bust, Pool First, Swarm Host 

Get SALT Encoding   

  12  0:01  Drone  
  13  0:15  Drone  
  14  0:26  Spawning Pool  
  13  0:29  Drone  
  14  0:40  Overlord  
  14  0:47  Extractor  
  14  0:49  Drone  
  14  0:58  Drone x2  
  16  1:08  Drone  
  17  1:14  Zergling x2  
  17  1:16  Queen  
  20  1:25  Overlord  
  20  1:37  Zergling x2  
  21  1:46  Extractor  
  20  1:48  Baneling Nest  
  20  1:51  Drone  
  20  1:59  Drone  
  21  2:09  Metabolic Boost  
  21  2:33  Zergling x10  
  26  2:47  Hatchery  
  25  2:52  Drone  
  26  3:22  Lair  
  26  3:23  Drone  
  26  3:24  Drone  
  28  3:28  Baneling x2  
  28  3:29  Baneling  
  28  3:39  Baneling x2  
  28  3:43  Overlord  
  24  4:28  Zergling x2  
  24  4:29  Zergling x16  
  33  4:34  Queen  
  33  4:35  Drone x3  
  38  4:43  Infestation Pit  
  36  4:55  Drone  
  36  4:56  Drone  
  38  5:12  Spine Crawler x2  
  38  5:13  Queen  
  38  5:14  Spine Crawler  
  38  5:15  Queen  
  38  5:19  Spine Crawler  
  38  5:20  Spine Crawler  
  37  5:29  Baneling x2  
  37  5:30  Baneling x5  
  30  6:01  Drone  
  30  6:02  Drone x2  
  32  6:20  Swarm Host  
  32  6:21  Swarm Host x3  
  41  6:32  Drone x3  
  42  7:04  Queen  
  44  7:13  Overlord x3  
  44  7:29  Nydus Network  
  43  7:31  Drone  
  43  7:33  Drone x2  
  46  7:38  Drone x3  
  49  7:59  Zergling x6  
  52  8:13  Swarm Host x5  
  67  8:21  Overlord x2  
  67  8:28  Extractor  
  67  8:29  Drone x2  
  67  8:30  Drone, Extractor  
  68  8:52  Nydus Canal  
  67  8:59  Drone  
  67  9:00  Drone x3  
  71  9:11  Hatchery  
  70  9:21  Overseer  
  70  9:37  Pneumatized Carapace  
  70  9:41  Drone x3  
  70  9:44  Drone x3  
  76  9:50  Overseer  
  76  9:53  Overlord  
  76  9:54  Overlord x2  
  76  9:59  Evolution Chamber  
  75  10:02  Evolution Chamber  
  75  10:03  Evolution Chamber  
  73  10:19  Queen  
  75  10:26  Nydus Canal  
  75  10:29  Swarm Host  
  75  10:30  Swarm Host x9  
  105  10:45  Drone x3  
  108  11:45  Zerg Missile Weapons Level 1  
  108  11:46  Nydus Network, Zerg Ground Armor Level 1  
  107  11:49  Drone x6  
  107  11:53  Overlord x3  
  107  11:54  Queen, Spine Crawler x2  
  112  11:56  Spine Crawler  
  112  12:35  Nydus Canal x2  
  112  12:49  Overlord x3  
  112  14:00  Nydus Canal x2  
  112  14:03  Swarm Host  
  112  14:04  Swarm Host x11  
  112  14:05  Swarm Host  
  151  14:17  Nydus Canal x2  
  151  15:00  Queen  
  151  15:03  Spore Crawler  
  151  15:06  Spore Crawler  
  151  15:07  Spore Crawler  
  151  15:09  Spore Crawler  
  151  15:13  Spore Crawler x2  
  147  15:24  Nydus Canal x2  
Show
View Real Time Build Order
Export as new Build Order

sandboX Zerg 

Build Orders: Hatch First, Zergling Baneling 

Get SALT Encoding   

  12  0:01  Drone  
  13  0:21  Drone  
  14  0:23  Overlord  
  14  0:33  Drone, Extractor  
  15  0:54  Drone  
  15  0:55  Drone  
  17  1:00  Drone  
  18  1:06  Drone, Hatchery  
  18  1:09  Extractor  
  17  1:22  Spawning Pool  
  17  1:24  Drone  
  17  1:27  Drone  
  18  1:38  Drone  
  19  1:49  Overlord  
  19  2:09  Zergling x2  
  19  2:10  Zergling x2  
  21  2:18  Zergling x2  
  21  2:41  Drone x2  
  21  2:42  Drone x2  
  25  2:46  Queen x2  
  25  2:48  Metabolic Boost  
  29  3:00  Drone  
  29  3:01  Drone  
  31  3:10  Zergling x6  
  34  3:22  Hatchery  
  34  3:23  Overlord, Drone x2  
  29  3:44  Baneling Nest  
  29  3:45  Zergling x8  
  32  4:00  Zergling x16  
  26  4:26  Zergling x10  
  26  4:27  Queen  
  33  4:38  Baneling  
  33  4:39  Baneling x6  
  33  4:40  Baneling x2  
  34  4:52  Zergling x2  
  34  4:53  Zergling x6  
  37  5:01  Queen  
  39  5:13  Zergling x6  
  42  5:22  Zergling x6  
  45  5:40  Baneling x6  
  45  5:41  Baneling x2  
  33  5:56  Zergling x14  
  37  6:08  Zergling x6  
  36  6:27  Zergling x12  
  42  6:39  Overlord x2  
  37  6:59  Zergling x12  
  35  7:07  Queen  
  36  7:10  Baneling x2  
  36  7:11  Baneling  
  36  7:16  Drone  
  36  7:18  Drone  
  36  7:21  Baneling x2  
  38  7:23  Baneling  
  38  7:31  Drone x2  
  40  7:38  Drone  
  40  7:39  Drone x2  
  35  8:10  Drone x12  
  47  8:22  Drone x5  
  52  8:36  Roach Warren  
  51  8:45  Lair, Extractor  
  51  8:46  Extractor  
  49  8:51  Evolution Chamber x2  
  46  9:02  Drone x8  
  54  9:16  Roach x5  
  64  9:17  Overlord  
  64  9:18  Overlord x2  
  61  9:38  Roach x7  
  73  9:43  Overseer x2  
  73  10:03  Roach x5  
  83  10:13  Hatchery, Overseer  
  82  10:20  Extractor  
  81  10:22  Extractor  
  81  10:23  Glial Reconstitution  
  81  10:24  Extractor  
  79  10:40  Roach x2  
  79  10:42  Overlord x5  
  83  10:52  Drone  
  84  11:07  Queen  
  86  11:14  Hydralisk Den  
  86  11:16  Spire  
  84  11:29  Roach x3  
  90  11:56  Hatchery  
  89  12:05  Roach x4  
  73  12:32  Roach x4  
  81  12:42  Hydralisk x2  
  85  12:56  Roach x2  
  68  13:16  Roach x2  
  60  13:26  Mutalisk  
  62  14:22  Mutalisk  
  62  14:23  Mutalisk x5  
Tags
 
Add a new tag
Caveats
  • Supply blocks, unpowered buildings, or Contaminate may cause inaccurate times.
  • Supply counts are checked every 10 seconds.